 Dungeon Crawl Stone Soup version 0.29-a0-1027-gcd8c55af63 (webtiles) character file.

Game seed: 4779804426948290101

21 Manisian the Sneak (level 2, 17/17 HPs)
             Began as a Vampire Enchanter on Aug 13, 2022.
             Quit the game on level 1 of the Dungeon.
             The game lasted 00:03:45 (1006 turns).

Manisian the Sneak (Vampire Enchanter)              Turns: 1006, Time: 00:03:46

Health: 17/17      AC:  2    Str:  7    XL:     2   Next: 65%
Magic:  5/5        EV: 12    Int: 17    God:
Gold:   95         SH:  0    Dex: 14    Spells: 3/5 levels left

rFire   . . .      SeeInvis +   a - +1 dagger
rCold   . . .      Faith    .   (no shield)
rNeg    . . .      Spirit   .   h - +0 robe
rPois   .          Reflect  .   (no helmet)
rElec   .          Harm     .   (no cloak)
rCorr   .          Rampage  .   (no gloves)
Will    .....                   (no boots)
Stlth   +++.......              (no amulet)
HPRegen 0.25/turn               (no ring)
MPRegen 0.09/turn               (no ring)

@: about to teleport, healing quickly
A: alive, fangs 3, see invisible, vampiric 1, [frail 1]
a: Exsanguinate


You were on level 1 of the Dungeon.
You visited 1 branch of the dungeon, and saw 1 of its levels.

You collected 95 gold pieces.

Inventory:

Hand Weapons
 a - a +1 dagger (weapon)
 q - a +0 sling
Missiles
 e - 6 stones (quivered)
Armour
 h - a +0 robe (worn)
Jewellery
 k - an amulet of the acrobat
Potions
 b - a potion of lignification
 c - 2 potions of invisibility
 i - a potion of mutation {unknown}


   Skills:
 + Level 1.3 Short Blades
 + Level 2.4 Dodging
 + Level 5.1 Stealth
 + Level 2.0 Spellcasting
 + Level 4.9 Hexes
 + Level 0.2 Ice Magic


You had 3 spell levels left.
You knew the following spells:

 Your Spells              Type           Power      Damage    Failure   Level
a - Ensorcelled Hibernat  Hex/Ice        20%        N/A       10%         2

Your spell library contained the following spells:

 Spells                   Type           Power      Damage    Failure   Level
 Confusing Touch          Hex            18%        N/A       8%          3
 Tukima's Dance           Hex            18%        N/A       8%          3
 Dazzling Flash           Conj/Hex       20%        N/A       22%         3
 Iskenderun's Battlesphe  Conj           1%         2d6       99%         5
 Iron Shot                Conj/Erth      0%         9d1       100%        6
 Spellforged Servitor     Conj/Summ      0%         N/A       100%        7


Dungeon Overview and Level Annotations

Branches:
Dungeon (1/15)

Altars:


Innate Abilities, Weirdness & Mutations

Your natural rate of healing is accelerated.
You have razor-sharp teeth.
You have supernaturally acute eyesight. (SInv)
You are afflicted with vampirism.
[You are frail. (-10% HP)]


Message History

The bat barely misses you.
You closely miss the bat. The bat closely misses you.
You barely miss the bat. The bat hits you but does no damage.
You barely miss the bat. The bat hits you. The bat hits you.
You barely miss the bat. You bite the bat.
The bat is moderately wounded.
The bat misses you.
Casting: Ensorcelled Hibernation (safe; 10% risk of failure)
Confirm with . or Enter, or press ? or * to list all spells.
Aiming: Ensorcelled Hibernation (safe; 10% risk of failure)
Press: ? - help, Shift-Dir - straight line, f - bat
Aim: a bat (moderately wounded, chance to affect: 62%)
The bat looks drowsy...
The helpless bat fails to defend itself.
You impale the bat!!
You kill the bat!
Okay, then.
Found a faded altar of an unknown god.
You now have 79 gold pieces (gained 3).
Found 6 boomerangs.
You now have 88 gold pieces (gained 9).
You now have 95 gold pieces (gained 7).
You see here 6 boomerangs.
There is an open door here.
k - an amulet of the acrobat Done exploring.
Done exploring.
As you read the scroll labelled ANEPAR QAIGEY, it crumbles to dust.
It is a scroll of identify.
b - a potion of lignification
As you read the scroll labelled UGREFI KIESK, it crumbles to dust.
You hear the tinkle of a tiny bell.
It was a scroll of butterflies.
As you read the scroll labelled MODISKOIFO, it crumbles to dust.
It is a scroll of amnesia.
Really abort (and waste the scroll)?
Okay, then.
As you read the scroll labelled WUWOUDGH FEAJEXET, it crumbles to dust.
You feel strangely unstable.
It was a scroll of teleportation.
Are you sure you want to abandon this character and quit the game? (Confirm with "yes".)

####################
#...........>.......
#.##########.#......
#.#.....#..#.#.#.###
#.#.###.#..#.#.#.# #
#.#.#.........)#.###
#.#b#.#.#...........
#.#@#...............
#.#bb.b.##.#.....###
#.####..##.#.....# #
#.#.....##.#.....# #
#.#.##.###.#.....# #
#.#.#......#.....# #
#.#.########.....#
#.#..............###
##.############...##.


There were no monsters in sight!

Vanquished Creatures
  A dart slug (D:1)
  2 bats (D:1)
  3 endoplasms (D:1)
  2 giant cockroaches (D:1)
  A goblin (D:1)
  A hobgoblin (D:1)
  3 ball pythons (D:1)
  3 kobolds (D:1)
  A rat (D:1)
17 creatures vanquished.

Notes
Turn   | Place    | Note
-------+----------+-------------------------------------------
     0 | D:1      | Manisian the Vampire Enchanter began the quest for the Orb.
     0 | D:1      | Reached XP level 1. HP: 13/13 MP: 3/3
   403 | D:1      | Reached XP level 2. HP: 17/17 MP: 5/5
   414 | D:1      | Learned a level 2 spell: Ensorcelled Hibernation
   679 | D:1      | Reached skill level 5 in Stealth
   827 | D:1      | Found a faded altar of an unknown god.
  1006 | D:1      | Quit the game

Illustrated notes

Levels and vault maps discovered:
D:1:      ncdulo_lavacross, layout_basic, shapermc_ecumenical_altar_totnotflames

Skill      XL: |  1  2 |
---------------+-------+-----
Stealth        | 5 |  5.1
Short Blades   | |  1.3
Dodging        | |  2.4
Spellcasting   | |  2.0
Hexes          | |  4.9
Ice Magic      | |  0.2

Action                   || total
-------------------------++-------
Melee: Dagger            ||    50
       Bite              ||     4
       Punch             ||     2
Throw: Stone             ||     4
 Cast: Ensorcelled Hiber ||     8
 Abil: Exsanguinate      ||     1
       Revivify          ||     1
  Use: Scroll            ||     4
 Stab: Sleeping          ||     7
Armor: Robe              ||     5
Dodge: Dodged            ||    27

Table legend: (Time is in decaauts)
 A = Elapsed time spent in this place.
 B = Non-inter-level travel time spent in this place.
 C = Inter-level travel time spent in this place.
 D = Time resting spent in this place.
 E = Time spent auto-exploring this place.
 F = Levels seen in this place.
 G = Mean time per level.
                   A        B        C        D        E       F      G
               +--------+--------+--------+--------+--------+-----+--------+
         Total |   1003 |    994 |      9 |    195 |    511 |   1 | 1003.0 |
       Dungeon |   1003 |    994 |      9 |    195 |    511 |   1 | 1003.0 |
               +--------+--------+--------+--------+--------+-----+--------+

Top non-repeatable levels by time:
     D:1: 1003 daAuts
